 Dungeon Crawl Stone Soup version 0.30-a0-304-gdc4b735fe1 (webtiles) character file.

Game seed: 8066801737376949440

106282 GreatBamboolord the Basher (level 16, -1/127 HPs)
             Began as a Gnoll Reaver on Oct 18, 2022.
             Was a High Priest of Vehumet.
             Slain by a caustic shrike simulacrum (17 damage)
             ... summoned by an orange crystal statue
             ... in an ice cave on Oct 20, 2022.
             The game lasted 01:48:10 (32849 turns).

GreatBamboolord the Basher (Gnoll Reaver)          Turns: 32849, Time: 01:48:10

Health: -1/127     AC: 17    Str: 12      XL:     16   Next: 43%
Magic:  12/35      EV: 14    Int: 23 (24) God:    Vehumet [*****.]
Gold:   440        SH:  0    Dex: 11      Spells: 4/39 levels left

rFire   + . .      SeeInvis .    b - +12 arbalest of the Arena {penet, rElec}
rCold   + + .      Faith    .    (shield currently unavailable)
rNeg    . . .      Spirit   .    X - +2 ring mail {rF+}
rPois   .          Reflect  .    R - +1 hat
rElec   +          Harm     .    t - +1 cloak {Stlth+}
rCorr   .          Rampage  .    V - +2 pair of gloves
Will    +....                    G - +2 pair of boots of Cynicism {Int+4}
Stlth   +++++.....               T - amulet of the Air {Inacc Air Fly rElec RMsl}
HPRegen 0.41/turn                n - ring of wizardry
MPRegen 0.24/turn                x - ring of protection from cold

@: flying, invisible, repel missiles, unable to read
A: fangs 1, strong nose, distributed training, cold resistance 1, deformed body,
high MP 1, inability to read after injury 1
a: Renounce Religion


You were in an ice cave.
You worshipped Vehumet.
Vehumet was extremely pleased with you.
You visited 4 branches of the dungeon, and saw 24 of its levels.
You also visited: Ossuary, Bailey and Ice Cave.

You collected 2667 gold pieces.
You spent 2227 gold pieces at shops.

Inventory:

Hand Weapons
 a - the +11 quick blade of the Summoning Gods {elec, rElec rF+ rN+}
   (You found it on level 14 of the Dungeon)

   It occasionally discharges a powerful burst of electricity upon striking a
   foe.
   rF:        It protects you from fire.
   rElec:     It insulates you from electricity.
   rN:        It protects you from negative energy.
 b - the +12 arbalest of the Arena (weapon) {penet, rElec}
   (You found it on level 2 of the Lair of Beasts)

   Any ammunition fired by it passes through the targets it hits, potentially
   hitting all targets in its path until it reaches maximum range.
   rElec:     It insulates you from electricity.
 M - the +10 morningstar of Obsession {venom, Str+2}
   (You took it off a kobold in a bailey)

   It poisons the flesh of those it strikes.
   Str:       It affects your strength (+2).
Missiles
 k - 2 throwing nets
 y - 3 silver javelins
Armour
 j - a +3 leather armour
 t - a +1 cloak of stealth (worn)
 G - the +2 pair of boots of Cynicism (worn) {Int+4}
   (You acquired it on level 2 of the Lair of Beasts)

   Int:       It affects your intelligence (+4).
 R - a +1 hat (worn)
 V - a +2 pair of gloves (worn)
 X - a +2 ring mail of fire resistance (worn)
Jewellery
 d - a ring of see invisible
 n - a ring of wizardry (left hand)
 s - a ring of positive energy
 x - a ring of protection from cold (right hand)
 A - a +4 ring of evasion
 C - a ring of protection from fire
 T - the amulet of the Air (around neck) {Inacc Air Fly rElec RMsl}
   (You bought it in a shop on level 2 of the Orcish Mines)

   [amulet of nothing]

   It reduces the accuracy of all your attacks.
   It enhances your air magic.
   rElec:     It insulates you from electricity.
   Fly:       It grants you flight.
   RMsl:      It protects you from missiles.
 Y - a ring of resist corrosion
Wands
 o - a wand of charming (17)
 v - a wand of flame (14)
 w - a wand of digging (3)
 B - a wand of polymorph (14)
 F - a wand of mindburst (17)
 P - a wand of iceblast (21)
 Q - a wand of light (5)
Scrolls
 f - 4 scrolls of poison
 l - 2 scrolls of brand weapon
 p - 2 scrolls of silence
 q - 7 scrolls of teleportation
 L - 4 scrolls of magic mapping
 N - 2 scrolls of fear
 O - a scroll of amnesia
 S - 3 scrolls of vulnerability
 U - 6 scrolls of enchant weapon
 W - 3 scrolls of fog
Potions
 c - 3 potions of invisibility
 e - 7 potions of resistance
 g - a potion of mutation
 h - a potion of lignification
 i - 4 potions of magic
 m - 4 potions of brilliance
 r - 3 potions of berserk rage
 z - 3 potions of might
 D - 5 potions of curing
 E - 4 potions of haste
 I - 2 potions of attraction
 J - a potion of cancellation
 K - a potion of ambrosia
 Z - 6 potions of heal wounds
Miscellaneous
 u - a phantom mirror
 H - a phial of floods


   Skills:
 + Level 12.1 Fighting
 + Level 11.3 Short Blades
 + Level 11.3 Long Blades
 + Level 11.3 Axes
 + Level 12.9 Maces & Flails
 + Level 11.3 Polearms
 + Level 11.3 Staves
 + Level 11.3 Ranged Weapons
 + Level 11.3 Throwing
 + Level 11.3 Armour
 + Level 12.1 Dodging
 + Level 11.3 Stealth
 + Level 11.3 Shields
 + Level 11.3 Unarmed Combat
 + Level 12.3 Spellcasting
 + Level 11.0 Conjurations
 + Level 9.5 Hexes
 + Level 9.5 Summonings
 + Level 9.5 Necromancy
 + Level 9.5 Translocations
 + Level 9.5 Transmutations
 + Level 9.5 Fire Magic
 + Level 9.5 Ice Magic
 + Level 9.5 Air Magic
 + Level 9.5 Earth Magic
 + Level 9.5 Poison Magic
 + Level 12.2 Invocations
 + Level 11.3 Evocations


You had 4 spell levels left.
You knew the following spells:

 Your Spells              Type           Power      Damage    Failure   Level
a - Airstrike             Air            36%        2d(6-22)  1%          4
b - Momentum Strike       Conj/Tloc      100%       3d10      1%          2
c - Iskenderun's Mystic   Conj/Tloc      57%        2d12      1%          4
d - Stone Arrow           Conj/Erth      100%       3d13      1%          3
e - Swiftness             Air            72%        N/A       1%          3
f - Call Canine Familiar  Summ           55%        N/A       1%          3
g - Irradiate             Conj/Tmut      28%        3d21      1%          5
h - Kindle Blastsparks    Fire/Tloc/Air  100%       2d18      1%          3
i - Arcjolt               Conj/Air       37%        1d47      1%          5
j - Vhi's Electric Charg  Tloc/Air       100%       N/A       1%          3

Your spell library contained the following spells:

 Spells                   Type           Power      Damage    Failure   Level
 Eringya's Noxious Bog    Tmut/Pois      27%        N/A       3%          6
 Beastly Appendage        Tmut           100%       N/A       1%          1
 Foxfire                  Conj/Fire      100%       2x1d9     1%          1
 Kiss of Death            Conj/Necr      100%       2d13      1%          1
 Sandblast                Erth           100%       2d20      1%          1
 Shock                    Conj/Air       100%       1d9       1%          1
 Passwall                 Tmut/Erth      45%        N/A       1%          2
 Static Discharge         Conj/Air       100%       2-7/arc   1%          2
 Sublimation of Blood     Necr           55%        N/A       1%          2
 Confusing Touch          Hex            55%        N/A       1%          3
 Dazzling Flash           Conj/Hex       100%       N/A       1%          3
 Hailstorm                Conj/Ice       57%        3d12      1%          3
 Inner Flame              Hex/Fire       55%        N/A       1%          3
 Portal Projectile        Hex/Tloc       100%       N/A       1%          3
 Cause Fear               Hex            27%        N/A       1%          4
 Dispel Undead            Necr           55%        3d20      1%          4
 Leda's Liquefaction      Hex/Erth       27%        N/A       1%          4
 Petrify                  Tmut/Erth      55%        N/A       1%          4
 Fireball                 Conj/Fire      28%        3d12      1%          5
 Lightning Bolt           Conj/Air       37%        1d56      1%          5
 Starburst                Conj/Fire      28%        6d9       2%          6
 Discord                  Hex            27%        N/A       98%         8


Dungeon Overview and Level Annotations

Branches:
Dungeon (15/15)            Temple (0/1) D:6            Lair (5/5) D:11
  Swamp (0/4) Lair:3       Spider (2/4) Lair:3        Slime (0/5) Lair:5
    Orc (2/2) D:10            Elf (0/3) Orc:2        Vaults (0/5) D:14
 Depths (0/4) D:15        Ossuary (visited)          Bailey (visited)
  IceCv (1/1)

Altars:
Gozag
Okawaru
Qazlal
Sif Muna
Trog
Uskayaw
Vehumet
Wu Jian
Xom

Shops:
D:2 *   D:5 :   D:13 [[:=   Orc:1 [(*   Orc:2 =([*:

Annotations:
D:11 2 transporters, loom's ghost, journeyman GrHu
Orc:2 3 runed translucent doors, philipeq's ghost, journeyman DsFi IceCv exclusion: orange crystal statue


Innate Abilities, Weirdness & Mutations

You have very sharp teeth.
Your uncanny sense of smell can sniff out nearby items.
Your experience applies equally to all skills.
Your flesh is cold resistant. (rC+)
Armour fits poorly on your strangely shaped body.
You have an increased reservoir of magic. (+10% MP)
You occasionally lose the ability to read scrolls when taking damage.


Message History

The harpy simulacrum claws you. The harpy simulacrum freezes you. You resist.
The harpy simulacrum claws you but does no damage.
The harpy simulacrum claws you. The harpy simulacrum freezes you. You resist.
The harpy simulacrum misses you.
The caustic shrike simulacrum barely misses you.
The harpy simulacrum misses you.
The harpy simulacrum completely misses you.
Your magical effects are unravelling.
You feel magically purged.
You feel less confused.
The harpy simulacrum completely misses you. x2
The caustic shrike simulacrum closely misses you.
The harpy simulacrum barely misses you.
The harpy simulacrum claws you but does no damage.
The caustic shrike simulacrum claws you!
The caustic shrike simulacrum freezes you!
You resist. The alligator simulacrum bites you.
The alligator simulacrum freezes you. You resist.
The alligator simulacrum tail-slaps you but does no damage.
Fire: b) +12 arbalest of the Arena {penet, rElec}
Press: ? - help, Shift-Dir - straight line, f - orange crystal statue
Aim: an orange crystal statue (lightly damaged, 83% to hit)
You fade into invisibility!
The harpy simulacrum barely misses you.
The harpy simulacrum claws you but does no damage.
The caustic shrike simulacrum claws you!
The caustic shrike simulacrum freezes you!
You resist. The harpy simulacrum barely misses you.
The harpy simulacrum claws you!
* * * LOW HITPOINT WARNING * * *
The harpy simulacrum freezes you. You resist.
* * * LOW HITPOINT WARNING * * *
The orange crystal statue fixes its piercing gaze on you.
You feel your power leaking away.
The caustic shrike simulacrum claws you!
* * * LOW HITPOINT WARNING * * *
The caustic shrike simulacrum freezes you!
You resist.
You feel threatened and lose the ability to read scrolls!
You die...

############# ######
##.....#.....## ##.....
##......#......###......
#.......#.......#.......
8.....ZZZ..........∩..∩.
#......@#.......#.......
##......#......###......
##.....#).?..## ##.....
############# ######


You could see an orange crystal statue, an alligator simulacrum (summoned,
unable to see you), a harpy simulacrum (summoned, unable to see you) and a
caustic shrike simulacrum (summoned, unable to see you).

Vanquished Creatures
  Jorgrun (Lair:3)
  Agnes (D:14)
  A stone giant (D:15)
  An orc warlord (Orc:2)
  A very ugly thing (IceCv)
  A spark wasp (Lair:3)
  An ettin (D:14)
  An entropy weaver (Spider:1)
  A vault guard (D:14)
  Erolcha (Orc:2)
  4 hydras
  2 centaur warriors
  An ogre mage (D:15)
  A radroach (Lair:3)
  3 caustic shrike simulacra (IceCv)
  5 boulder beetles
  A catoblepas (Lair:3)
  5 two-headed ogres
  3 tengu warriors
  13 death yaks
  Urug (Lair:1)
  3 orc high priests (Orc:2)
  An iron troll (D:14)
  Sonja (Lair:5)
  A sun moth (Spider:1)
  3 skeletal warriors (D:12)
  An orb spider (Spider:1)
  A bog body (Lair:3)
  An orange crystal statue (IceCv)
  A lindwurm (D:14)
  9 orc knights
  3 deep elf pyromancers
  14 ugly things
  5 wolf spiders
  A moth of wrath (Spider:1)
  5 orc sorcerers (Orc:2)
  5 cyclopes
  A manticore (D:15)
  7 elephants (Lair:4)
  Joseph (Lair:1)
  A torpor snail (Spider:1)
  11 cane toads
  A kobold demonologist (D:12)
  2 unseen horrors
  An efreet (D:15)
  A freezing wraith (IceCv)
  4 golden dragon simulacra (IceCv)
  7 komodo dragons
  A tengu conjurer (D:13)
  8 polar bears
  A meliai (Lair:3)
  4 tarantellas
  6 trolls
  Prince Ribbit (D:7)
  13 hornets
  Grinder (D:6)
  14 slime creatures
  12 blink frogs
  3 shadows
  9 jumping spiders (Spider:1)
  A vampire (D:10)
  7 culicivoras (Spider:1)
  12 spriggans (Lair:5)
  A jumping spider (shapeshifter) (D:14)
  24 yaks
  A hog (shapeshifter) (D:15)
  A water elemental (D:14)
  5 wraiths
  2 steam dragons
  A basilisk (Lair:5)
  15 redbacks (Spider:1)
  Menkaure (D:6)
  A harpy simulacrum (IceCv)
  7 vampire mosquitoes
  Edmund (D:6)
  3 swamp worms (Lair:3)
  A warg (D:15)
  2 hydra simulacra (IceCv)
  2 acid dragons
  13 water moccasins
  3 black bears (Lair:5)
  2 ice beasts (D:7)
  47 orc warriors
  A sky beast (D:7)
  3 alligator simulacra (IceCv)
  An ettin simulacrum (IceCv)
  7 ogres
  5 boggarts (Lair:5)
  5 centaurs
  31 wolves
  4 phantoms
  2 kobold brigands
  10 bullfrogs
  A necrophage (D:7)
  2 gnoll sergeants (D:7)
  A scorpion (D:4)
  6 wights
  A lindwurm simulacrum (IceCv)
  14 killer bees
  3 electric eels
  5 howler monkeys
  2 centaur zombies (Ossuary)
  2 human zombies (Ossuary)
  20 orc priests
  10 hounds
  3 iguanas
  A gnoll bouda (D:4)
  24 orc wizards
  A centaur simulacrum (D:9)
  2 mummies (Ossuary)
  5 adders
  10 gnolls
  A shadow imp (D:7)
  3 white imps
  An ufetubus (D:5)
  4 adder zombies (Ossuary)
  A worm (D:5)
  3 dart slugs
  87 orcs
  5 endoplasms
  4 giant cockroaches
  10 goblins
  7 hobgoblins
  7 jackals
  23 kobolds
  3 quokkas
  5 ball pythons
  3 bats (D:1)
  2 frilled lizards
  4 goblin zombies
  8 hobgoblin zombies (Ossuary)
  8 kobold zombies (Ossuary)
  9 orc zombies (Ossuary)
  A quokka zombie (D:6)
  5 rats
  A rat zombie (Ossuary)
754 creatures vanquished.

Vanquished Creatures (collateral kills)
  Grum (D:11)
  A wolf (Lair:1)
  A centaur (D:15)
  An orc (Orc:1)
4 creatures vanquished.

Vanquished Creatures (others)
  A centaur (D:8)
  Blork the orc (D:4)
  A scorpion (D:4)
  An iguana (D:4)
  A worm (D:3)
  An orc (D:4)
  2 goblins (D:2)
  3 hobgoblins (D:4)
  A jackal (D:4)
  2 ball pythons
  2 bats
  30 fungi
  30 plants
76 creatures vanquished.

Grand Total: 834 creatures vanquished

Notes
Turn   | Place    | Note
-------+----------+-------------------------------------------
     0 | D:1      | GreatBamboolord the Gnoll Reaver began the quest for the
                  | Orb.
     0 | D:1      | Reached XP level 1. HP: 20/20 MP: 6/6
    87 | D:1      | Found a faded altar of an unknown god.
   104 | D:1      | Got Plato's Spellbook of Variation
   207 | D:1      | Reached XP level 2. HP: 26/26 MP: 7/7
   812 | D:1      | Learned a level 2 spell: Momentum Strike
   878 | D:2      | Reached skill level 5 in Spellcasting
   878 | D:2      | Reached XP level 3. HP: 19/31 MP: 7/9
   966 | D:2      | Reached skill level 1 in Invocations
  1045 | D:2      | Found Qenedd's General Store.
  1052 | D:2      | Bought a scroll of poison for 44 gold pieces
  1052 | D:2      | Bought a potion of curing for 33 gold pieces
  1101 | D:2      | Reached skill level 1 in Short Blades
  1101 | D:2      | Reached skill level 1 in Long Blades
  1101 | D:2      | Reached skill level 1 in Axes
  1101 | D:2      | Reached skill level 1 in Polearms
  1101 | D:2      | Reached skill level 1 in Staves
  1101 | D:2      | Reached skill level 1 in Ranged Weapons
  1101 | D:2      | Reached skill level 1 in Throwing
  1101 | D:2      | Reached skill level 1 in Armour
  1101 | D:2      | Reached skill level 1 in Stealth
  1101 | D:2      | Reached skill level 1 in Shields
  1101 | D:2      | Reached skill level 1 in Unarmed Combat
  1101 | D:2      | Reached skill level 1 in Evocations
  1979 | D:3      | Reached XP level 4. HP: 34/34 MP: 11/11
  2312 | D:3      | Learned a level 3 spell: Hailstorm
  2562 | D:4      | Learned a level 3 spell: Stone Arrow
  2612 | D:4      | Reached skill level 1 in Hexes
  2612 | D:4      | Reached skill level 1 in Summonings
  2612 | D:4      | Reached skill level 1 in Necromancy
  2612 | D:4      | Reached skill level 1 in Translocations
  2612 | D:4      | Reached skill level 1 in Transmutations
  2612 | D:4      | Reached skill level 1 in Fire Magic
  2612 | D:4      | Reached skill level 1 in Ice Magic
  2612 | D:4      | Reached skill level 1 in Air Magic
  2612 | D:4      | Reached skill level 1 in Earth Magic
  2612 | D:4      | Reached skill level 1 in Poison Magic
  2613 | D:4      | Noticed a phantom
  2646 | D:4      | Killed a phantom
  2647 | D:4      | Reached XP level 5. HP: 36/43 MP: 1/12
  2819 | D:4      | Reached XP level 6. HP: 41/50 MP: 10/13
  2976 | D:4      | Reached skill level 5 in Fighting
  2976 | D:4      | Reached skill level 5 in Dodging
  3136 | D:4      | Reached XP level 7. HP: 56/56 MP: 0/15
  3352 | D:4      | Noticed Blork the orc
  3369 | D:4      | Killed Blork the orc
  4021 | D:5      | Entered Level 5 of the Dungeon
  4239 | D:5      | Found Ammizaev's Book Emporium.
  4646 | D:5      | Found a radiant altar of Vehumet.
  4672 | D:5      | Found a shimmering blue altar of Sif Muna.
  4871 | D:5      | Became a worshipper of Vehumet
  4897 | D:6      | Learned a level 3 spell: Swiftness
  4917 | D:6      | Reached XP level 8. HP: 63/63 MP: 9/16
  4921 | D:6      | Noticed a +0 falchion
  4921 | D:6      | Noticed a +0 dagger
  4921 | D:6      | Noticed a +0 short sword
  4921 | D:6      | Noticed a +0 spear
  4921 | D:6      | Noticed a +0 short sword
  4922 | D:6      | Noticed a +0 falchion
  4922 | D:6      | Noticed a +0 spear
  4923 | D:6      | Noticed a +0 dagger
  4931 | D:6      | Found a hide-covered altar of Uskayaw.
  4946 | D:6      | Noticed Grinder
  4964 | D:6      | Killed Grinder
  5006 | D:6      | Found a staircase to the Ecumenical Temple.
  5094 | D:6      | Noticed Menkaure
  5135 | D:6      | HP: 1/64 [Menkaure (18)]
  5140 | D:6      | Killed Menkaure
  5248 | D:6      | Noticed Edmund
  5253 | D:6      | Killed Edmund
  5495 | D:6      | Reached XP level 9. HP: 67/69 MP: 6/18
  5507 | D:6      | Found a sand-covered staircase.
  5514 | Ossuary  | Entered an ossuary
  5570 | Ossuary  | Learned a level 4 spell: Airstrike
  5622 | Ossuary  | Reached * piety under Vehumet
  5622 | Ossuary  | Offered knowledge of Magic Dart by Vehumet.
  6436 | D:6      | Learned a level 3 spell: Call Canine Familiar
  6637 | D:7      | Offered knowledge of Searing Ray by Vehumet.
  6727 | D:7      | Found a flagged portal.
  6733 | D:7      | Reached ** piety under Vehumet
  6740 | Bailey   | Entered a bailey
  6820 | Bailey   | Noticed an orc knight
  6836 | Bailey   | Identified the +10 morningstar of Obsession {venom, Str+2}
  6843 | Bailey   | Noticed an orc knight
  6910 | Bailey   | Noticed an orc knight
  6964 | Bailey   | Killed an orc knight
  6965 | Bailey   | Reached skill level 5 in Invocations
  7396 | Bailey   | HP: 2/71 [orc knight/+0 broad axe (14)]
  7424 | Bailey   | Killed an orc knight
  7425 | Bailey   | Reached skill level 5 in Short Blades
  7425 | Bailey   | Reached skill level 5 in Long Blades
  7425 | Bailey   | Reached skill level 5 in Axes
  7425 | Bailey   | Reached skill level 5 in Polearms
  7425 | Bailey   | Reached skill level 5 in Staves
  7425 | Bailey   | Reached skill level 5 in Ranged Weapons
  7425 | Bailey   | Reached skill level 5 in Throwing
  7425 | Bailey   | Reached skill level 5 in Armour
  7425 | Bailey   | Reached skill level 5 in Stealth
  7425 | Bailey   | Reached skill level 5 in Shields
  7425 | Bailey   | Reached skill level 5 in Unarmed Combat
  7425 | Bailey   | Reached skill level 5 in Evocations
  7425 | Bailey   | Reached XP level 10. HP: 43/77 MP: 6/20
  7553 | Bailey   | Killed an orc knight
  8018 | D:7      | Offered knowledge of Poisonous Vapours by Vehumet.
  8426 | D:7      | Noticed Prince Ribbit
  8433 | D:7      | Killed Prince Ribbit
  9013 | D:7      | Learned a level 5 spell: Irradiate
  9073 | D:8      | Identified the +8 mace of Karma {flame, MP+9 Dex+4}
  9290 | D:8      | Reached *** piety under Vehumet
  9679 | D:8      | Offered knowledge of Kindle Blastsparks by Vehumet.
 10118 | D:9      | Noticed a cyclops
 10135 | D:9      | Killed a cyclops
 10330 | D:9      | Reached skill level 5 in Hexes
 10330 | D:9      | Reached skill level 5 in Summonings
 10330 | D:9      | Reached skill level 5 in Necromancy
 10330 | D:9      | Reached skill level 5 in Translocations
 10330 | D:9      | Reached skill level 5 in Transmutations
 10330 | D:9      | Reached skill level 5 in Fire Magic
 10330 | D:9      | Reached skill level 5 in Ice Magic
 10330 | D:9      | Reached skill level 5 in Air Magic
 10330 | D:9      | Reached skill level 5 in Earth Magic
 10330 | D:9      | Reached skill level 5 in Poison Magic
 10522 | D:9      | Reached XP level 11. HP: 67/85 MP: 22/22
 10749 | D:9      | Noticed a two-headed ogre
 10754 | D:9      | Killed a two-headed ogre
 11205 | D:9      | Found a stormy altar of Qazlal.
 11206 | D:9      | Found a shimmering altar of Xom.
 11450 | D:9      | Learned a level 3 spell: Kindle Blastsparks
 11501 | D:10     | Entered Level 10 of the Dungeon
 11780 | D:10     | Found an ornate altar of the Wu Jian Council.
 11780 | D:10     | Found an opulent altar of Gozag.
 11828 | D:10     | Found a staircase to the Orcish Mines.
 12195 | D:10     | Noticed a two-headed ogre
 12200 | D:10     | Killed a two-headed ogre
 12258 | D:10     | Reached **** piety under Vehumet
 12968 | D:11     | Noticed a six-headed hydra
 12975 | D:11     | Killed a six-headed hydra
 13107 | D:11     | Noticed a yaktaur captain
 13108 | D:11     | Noticed a rakshasa
 13110 | D:11     | Noticed loom's ghost (journeyman GrHu)
 13114 | D:11     | Found a transporter.
 13255 | D:11     | Noticed a cyclops
 13256 | D:11     | Noticed Grum
 13279 | D:11     | Killed a cyclops
 13282 | D:11     | Killed Grum
 13590 | D:11     | Offered knowledge of Iskenderun's Mystic Blast by Vehumet.
 13592 | D:11     | Noticed a cyclops
 13600 | D:11     | Killed a cyclops
 13606 | D:11     | Learned a level 4 spell: Iskenderun's Mystic Blast
 13681 | D:11     | Reached XP level 12. HP: 87/94 MP: 22/24
 13683 | D:11     | Found a staircase to the Lair.
 13878 | D:11     | Found a transporter.
 14020 | Orc:1    | Entered Level 1 of the Orcish Mines
 14020 | Orc:1    | Found Ratsuof's General Store.
 14063 | Orc:1    | Found Wuma's Weapon Emporium.
 14497 | Orc:2    | Entered Level 2 of the Orcish Mines
 14497 | Orc:2    | Noticed philipeq's ghost (journeyman DsFi)
 14497 | Orc:2    | Found a runed translucent gate.
 14497 | Orc:2    | Found a runed translucent gate.
 14497 | Orc:2    | Found a runed translucent gate.
 14518 | Orc:2    | Identified the +7 plate armour of the Gusle {Regen+ Str+2}
 14688 | Orc:1    | Found an iron altar of Okawaru.
 14799 | Orc:2    | Found Etiaroka's Jewellery Boutique.
 14807 | Orc:2    | Bought the amulet of the Air {Inacc Air Fly rElec RMsl} for
                  | 564 gold pieces
 14807 | Orc:2    | Found the amulet of the Air {Inacc Air Fly rElec RMsl}
 14818 | Orc:2    | Paralysed by an orc sorcerer for 4 turns
 14937 | Orc:2    | Noticed Erolcha
 14942 | Orc:2    | Killed Erolcha
 14943 | Orc:2    | Reached skill level 10 in Maces & Flails
 15183 | Orc:2    | Noticed an orc warlord
 15189 | Orc:1    | Reached ***** piety under Vehumet
 15191 | Orc:1    | Offered knowledge of Fireball by Vehumet.
 15283 | Orc:1    | Found Maosewef's Armour Shoppe.
 15516 | Orc:2    | Killed an orc warlord
 15969 | Orc:2    | Found a staircase to the Elven Halls.
 15989 | Orc:2    | Identified the ring of Fixuarhy {rF- Int+6 SInv Stlth+}
 16156 | Orc:2    | Noticed an orc high priest
 16260 | Orc:2    | Noticed an orc high priest
 16413 | Orc:2    | Killed an orc high priest
 16790 | Orc:2    | Noticed an orc high priest
 16923 | Orc:2    | Killed an orc high priest
 17006 | Orc:2    | Reached XP level 13. HP: 51/101 MP: 10/26
 17423 | Orc:2    | Found Haupleg's Antique Armour Boutique.
 17424 | Orc:2    | Found Unwoux's Antique Weapon Boutique.
 17426 | Orc:2    | Found Baicac's General Store.
 17426 | Orc:2    | Found Soteteef's Book Shop.
 17441 | Orc:2    | Bought a pair of embroidered gloves for 247 gold pieces
 17441 | Orc:2    | Bought an embroidered cloak for 247 gold pieces
 17453 | Orc:2    | Bought a dazzling glaive for 287 gold pieces
 17453 | Orc:2    | Identified the +1 glaive "Vamosin" {pain, *Noise Str+4}
                  | (You bought it in a shop on level 2 of the Orcish Mines)
 17624 | Orc:2    | Upgraded the game from 0.30-a0-297-g0ec75d9ef4 to
                  | 0.30-a0-304-gdc4b735fe1
 17688 | Lair:1   | Entered Level 1 of the Lair of Beasts
 18135 | Lair:1   | Noticed Joseph
 18140 | Lair:1   | Killed Joseph
 18141 | Lair:1   | Noticed Urug
 18159 | Lair:1   | Killed Urug
 18450 | Lair:1   | Offered knowledge of Ozocubu's Refrigeration by Vehumet.
 18456 | Lair:1   | Paralysed by a hornet for 3 turns
 18462 | Lair:1   | Reached skill level 10 in Spellcasting
 19963 | Lair:2   | Reached skill level 10 in Fighting
 19963 | Lair:2   | Reached skill level 10 in Dodging
 20121 | Lair:2   | Identified the +12 arbalest of the Arena {penet, rElec}
 20471 | Lair:2   | Identified a scroll of acquirement
 20473 | Lair:2   | Acquired the +2 pair of boots of Cynicism {Int+4}
 20836 | Lair:3   | Found a hole to the Spider Nest.
 21570 | Lair:3   | Found a staircase to the Swamp.
 21719 | Lair:4   | Reached skill level 10 in Invocations
 21719 | Lair:4   | Reached XP level 14. HP: 108/110 MP: 22/28
 21832 | Lair:4   | Gained mutation: You are dopey. (Int -2) [mutagenic glow]
 21843 | Lair:3   | Gained mutation: You are weak. (Str -2) [mutagenic glow]
 21850 | Lair:3   | Gained mutation: Your movements are slightly less
                  | encumbered by armour. (ER -2) [mutagenic glow]
 22401 | Lair:4   | Offered knowledge of Arcjolt by Vehumet.
 22401 | Lair:4   | Gained mutation: Armour fits poorly on your strangely
                  | shaped body. [mutagenic glow]
 22424 | Lair:4   | Learned a level 5 spell: Arcjolt
 22854 | Lair:5   | Entered Level 5 of the Lair of Beasts
 22854 | Lair:5   | Noticed Sonja
 22860 | Lair:5   | Killed Sonja
 23791 | Lair:5   | Reached skill level 10 in Conjurations
 24343 | Lair:5   | Reached skill level 10 in Short Blades
 24343 | Lair:5   | Reached skill level 10 in Long Blades
 24343 | Lair:5   | Reached skill level 10 in Axes
 24343 | Lair:5   | Reached skill level 10 in Polearms
 24343 | Lair:5   | Reached skill level 10 in Staves
 24343 | Lair:5   | Reached skill level 10 in Ranged Weapons
 24343 | Lair:5   | Reached skill level 10 in Throwing
 24343 | Lair:5   | Reached skill level 10 in Armour
 24343 | Lair:5   | Reached skill level 10 in Stealth
 24343 | Lair:5   | Reached skill level 10 in Shields
 24343 | Lair:5   | Reached skill level 10 in Unarmed Combat
 24343 | Lair:5   | Reached skill level 10 in Evocations
 24547 | Lair:5   | Found a staircase to the Slime Pits.
 25013 | D:12     | Reached XP level 15. HP: 98/118 MP: 14/30
 25179 | D:12     | Offered knowledge of Spellforged Servitor by Vehumet.
 25332 | D:12     | Found a transporter.
 25402 | D:12     | Found a transporter.
 25405 | D:12     | Found a transporter.
 25442 | D:12     | Found a transporter.
 25450 | D:12     | Found a transporter.
 25491 | D:12     | Found a transporter.
 26211 | D:13     | Found Hiraefex's Book Shop.
 26217 | D:13     | Bought a book of Lightning for 532 gold pieces
 26221 | D:13     | Learned a level 3 spell: Vhi's Electric Charge
 26302 | D:13     | Found Xeki Wadd's Armour Shoppe.
 26421 | D:13     | Found Wiel's Jewellery Shoppe.
 26762 | D:13     | Found Xuis's Antique Armour Shop.
 26765 | D:13     | Bought a glowing ring mail for 273 gold pieces
 27260 | D:14     | Noticed Agnes
 27271 | D:14     | Killed Agnes
 27941 | D:14     | Found a gate to the Vaults.
 28472 | D:14     | Identified the +11 quick blade of the Summoning Gods {elec,
                  | rElec rF+ rN+}
 28571 | D:15     | Entered Level 15 of the Dungeon
 28587 | D:15     | Found a bloodstained altar of Trog.
 29401 | D:15     | Found a staircase to the Depths.
 29654 | D:15     | Offered knowledge of Iskenderun's Battlesphere by Vehumet.
 30175 | Spider:1 | Entered Level 1 of the Spider Nest
 30175 | Spider:1 | Noticed Jorgrun
 30193 | Lair:3   | Killed Jorgrun
 30194 | Lair:3   | Reached XP level 16. HP: 77/127 MP: 21/32
 30345 | Lair:3   | Lost mutation: Your movements are slightly less encumbered
                  | by armour. (ER -2) [mutagenic glow]
 30476 | Lair:3   | Gained mutation: You occasionally lose the ability to read
                  | scrolls when taking damage. [mutagenic glow]
 30527 | Lair:3   | Lost mutation: You are dopey. (Int -2) [potion of mutation]
 30527 | Lair:3   | Lost mutation: You are weak. (Str -2) [potion of mutation]
 30527 | Lair:3   | Lost mutation: Armour fits poorly on your strangely shaped
                  | body. [potion of mutation]
 30527 | Lair:3   | Gained mutation: You are dopey. (Int -2) [potion of
                  | mutation]
 30527 | Lair:3   | Gained mutation: You have an increased reservoir of magic.
                  | (+10% MP) [potion of mutation]
 30528 | Lair:3   | Lost mutation: You are dopey. (Int -2) [potion of mutation]
 30528 | Lair:3   | Lost mutation: You occasionally lose the ability to read
                  | scrolls when taking damage. [potion of mutation]
 30528 | Lair:3   | Gained mutation: You are clumsy. (Dex -2) [potion of
                  | mutation]
 30528 | Lair:3   | Gained mutation: You are somewhat resistant to further
                  | mutation. [potion of mutation]
 30528 | Lair:3   | Gained mutation: You are vulnerable to cold. (rC-) [potion
                  | of mutation]
 31813 | Spider:2 | Found a frozen archway.
 31819 | IceCv    | Entered an ice cave
 31824 | IceCv    | Lost mutation: You are somewhat resistant to further
                  | mutation. [potion of mutation]
 31824 | IceCv    | Lost mutation: You are vulnerable to cold. (rC-) [potion of
                  | mutation]
 31824 | IceCv    | Lost mutation: You are clumsy. (Dex -2) [potion of
                  | mutation]
 31824 | IceCv    | Gained mutation: Your flesh is cold resistant. (rC+)
                  | [potion of mutation]
 31824 | IceCv    | Gained mutation: Armour fits poorly on your strangely
                  | shaped body. [potion of mutation]
 31824 | IceCv    | Gained mutation: You occasionally lose the ability to read
                  | scrolls when taking damage. [potion of mutation]
 32200 | IceCv    | Offered knowledge of Eringya's Noxious Bog by Vehumet.
 32849 | IceCv    | Slain by a caustic shrike simulacrum

Illustrated notes

Levels and vault maps discovered:
D:1:      amcnicky_arrival_double_pillar, layout_basic,
          shapermc_ecumenical_altar_rom_forum
D:2:      layout_loops_cross, serial_shops, nicolae_shop_stone
D:3:      layout_loops_ring, minivault_27
D:4:      layout_loops_cross, grunt_ministairs_7, st_stairs_10,
          minmay_quadrilaterals, uniq_blork_the_orc
D:5:      layout_rooms, mainiacjoe_overflow_alcove_4,
          mainiacjoe_overflow_brackets, serial_shops, shop
D:6:      layout_gridville, nicolae_uskayaw_en_pointe, temple_pool_b,
          enter_ossuary_4, uniq_menkaure, uniq_grinder, uniq_edmund
D:7:      layout_gridville, enter_bailey_5, minivault_5, uniq_prince_ribbit1
D:8:      layout_gridville, grunt_ministairs_8,
          nicolae_concentric_dashed_squares_wild, glass_columns_c
D:9:      layout_gridville, gammafunk_temple_overflow_pools, minmay_radiant
D:10:     layout_basic, gammafunk_temple_overflow_wave, david_orc_2,
          minmay_misc_feat_pillars, dk_noncrumbling_3
D:11:     layout_long_grid, erik_lair_island, gammafunk_ghost_arena,
          nrook_campfire, uniq_grum
D:12:     layout_rooms, special_room [special_room_orc], serial_nicolae_subway,
          nicolae_sub_station_metal, nicolae_sub_station_crystal,
          nicolae_sub_station_stone
D:13:     layout_roguey, serial_shops, nicolae_shop_behind_doors,
          nicolae_shop_hallway_plus, nicolae_shop_trees, nicolae_shop_stone
D:14:     layout_gridville, david_vaults_4, minivault_4, uniq_agnes
D:15:     grunt_enter_depths_snipers, layout_basic, bloody_trog
Lair:1:   layout_roguey, dreamdust_wasp_nest, grunt_megastairs_1, uniq_joseph,
          uniq_urug
Lair:2:   layout_chaotic_city, nicolae_quartered_pool_medium,
          cheibrodos_lair_lostbears, infiniplex_staircase_pool_2
Lair:3:   layout_chaotic_city, nicolae_swamp_entry_splash_gauntlet,
          hellmonk_spider_entry_not_the_bees
Lair:4:   layout_cave_shapes, grunt_megastairs_3
Lair:5:   minmay_lair_end_enchanted_forest, layout_loops_ring,
          dpeg_slime_entry_enclosed, st_stairs_11,
          chequers_serial_rivers_small_a, uniq_sonja
Spider:1: layout_spider_delve, uniq_jorgrun
Spider:2: layout_spider_delve, portal_ice_cave_entry_pillars_2
Orc:1:    layout_diamond_mine, serial_shops, shop_statue,
          nicolae_shop_statue_plus, shop_statue, okawaru_metal_pillars_1_2
Orc:2:    st_orc_congregation, layout_diamond_mine, serial_shops,
          nicolae_shop_hallway_stairs, biasface_ghost_orc_armoury, uniq_erolcha
IceCv:    ice_cave_statue_garden_chambered

Skill      XL: |  1  2  3  4  5  6  7  8  9 10 11 12 13 14 15 16 |
---------------+-------------------------------------------------+-----
Spellcasting   | 5 6 7 8 9 10 11 12 | 12.3
Invocations    | 1 2 3 4 5 6 7 8 10 11 12 | 12.2
Short Blades   | 1 2 3 5 6 7 8 9 10 11 | 11.3
Long Blades    | 1 2 3 5 6 7 8 9 10 11 | 11.3
Axes           | 1 2 3 5 6 7 8 9 10 11 | 11.3
Polearms       | 1 2 3 5 6 7 8 9 10 11 | 11.3
Staves         | 1 2 3 5 6 7 8 9 10 11 | 11.3
Ranged Weapons | 1 2 3 5 6 7 8 9 10 11 | 11.3
Throwing       | 1 2 3 5 6 7 8 9 10 11 | 11.3
Armour         | 1 2 3 5 6 7 8 9 10 11 | 11.3
Stealth        | 1 2 3 5 6 7 8 9 10 11 | 11.3
Shields        | 1 2 3 5 6 7 8 9 10 11 | 11.3
Unarmed Combat | 1 2 3 5 6 7 8 9 10 11 | 11.3
Evocations     | 1 2 3 5 6 7 8 9 10 11 | 11.3
Hexes          | 1 2 3 4 5 6 7 8 9 |  9.5
Summonings     | 1 2 3 4 5 6 7 8 9 |  9.5
Necromancy     | 1 2 3 4 5 6 7 8 9 |  9.5
Translocations | 1 2 3 4 5 6 7 8 9 |  9.5
Transmutations | 1 2 3 4 5 6 7 8 9 |  9.5
Fire Magic     | 1 2 3 4 5 6 7 8 9 |  9.5
Ice Magic      | 1 2 3 4 5 6 7 8 9 |  9.5
Air Magic      | 1 2 3 4 5 6 7 8 9 |  9.5
Earth Magic    | 1 2 3 4 5 6 7 8 9 |  9.5
Poison Magic   | 1 2 3 4 5 6 7 8 9 |  9.5
Fighting       | 5 6 7 8 9 10 11 12 | 12.1
Dodging        | 5 6 7 8 9 10 11 12 | 12.1
Maces & Flails | 7 8 9 10 11 12 | 12.9
Conjurations   | 6 7 8 9 10 11 | 11.0

Action                   |  1- 3 |  4- 6 |  7- 9 | 10-12 | 13-15 | 16-18 || total
-------------------------+-------+-------+-------+-------+-------+-------++-------
Melee: Mace              |    98 |    87 |    60 |       |       |       ||   245
       Bite              |     7 |     7 |    21 |    29 |    21 |    25 ||   110
       Punch             |     2 |     1 |       |       |     6 |     6 ||    15
       Dire flail        |       |       |   144 |    11 |       |       ||   155
       Morningstar       |       |       |       |   313 |   104 |       ||   417
       Quick blade       |       |       |       |       |   118 |   154 ||   272
 Fire: Arbalest          |       |       |       |       |   473 |     2 ||   475
Throw: Throwing net      |       |       |     4 |     1 |       |       ||     5
       Javelin           |       |       |     3 |       |     3 |       ||     6
 Cast: Momentum Strike   |     8 |     9 |     2 |     2 |       |       ||    21
       Kiss of Death     |     1 |       |       |       |       |       ||     1
       Hailstorm         |       |     4 |     6 |     5 |       |       ||    15
       Stone Arrow       |       |    10 |   119 |   113 |    30 |    31 ||   303
       Call Canine Famil |       |       |     3 |    13 |    11 |     4 ||    31
       Airstrike         |       |       |     1 |    38 |    56 |     8 ||   103
       Swiftness         |       |       |     1 |       |     1 |       ||     2
       Irradiate         |       |       |       |    30 |    50 |    11 ||    91
       Kindle Blastspark |       |       |       |     7 |     7 |       ||    14
       Iskenderun's Myst |       |       |       |     8 |    16 |     2 ||    26
       Arcjolt           |       |       |       |       |   123 |    28 ||   151
       Vhi's Electric Ch |       |       |       |       |     2 |       ||     2
Evoke: Wand              |       |       |     1 |     2 |       |       ||     3
       Phial of floods   |       |       |       |       |     1 |       ||     1
  Use: Scroll            |     3 |     4 |    11 |     6 |    10 |     4 ||    38
       Potion            |       |       |    10 |     2 |     3 |     6 ||    21
 Stab: Sleeping          |     2 |       |     3 |     4 |     6 |     1 ||    16
       Distracted        |       |       |       |       |     3 |       ||     3
Armor: Leather armour    |    24 |    21 |    76 |   104 |   198 |       ||   423
       Ring mail         |       |       |       |       |     1 |    91 ||    92
Dodge: Dodged            |    70 |    62 |   171 |   250 |   390 |    92 ||  1035
       Repelled          |       |       |       |     1 |     5 |       ||     6
Block: Buckler           |       |       |       |    73 |    36 |       ||   109

Table legend: (Time is in decaauts)
 A = Elapsed time spent in this place.
 B = Non-inter-level travel time spent in this place.
 C = Inter-level travel time spent in this place.
 D = Time resting spent in this place.
 E = Time spent auto-exploring this place.
 F = Levels seen in this place.
 G = Mean time per level.
                   A        B        C        D        E       F      G
               +--------+--------+--------+--------+--------+-----+--------+
         Total |  33014 |  31355 |   1659 |   7538 |  17910 |  27 | 1222.7 |
       Dungeon |  17601 |  16508 |   1093 |   2092 |  11624 |  15 | 1173.4 |
          Lair |   8278 |   7851 |    427 |   1957 |   4677 |   5 | 1655.6 |
   Spider Nest |    833 |    815 |     18 |      0 |    669 |   2 |  416.5 |
  Orcish Mines |   3453 |   3334 |    119 |   1674 |    940 |   2 | 1726.5 |
       Ossuary |    623 |    623 |      0 |    375 |      0 |   1 |  623.0 |
        Bailey |   1238 |   1238 |      0 |    727 |      0 |   1 | 1238.0 |
      Ice Cave |    987 |    987 |      0 |    713 |      0 |   1 |  987.0 |
               +--------+--------+--------+--------+--------+-----+--------+

Top non-repeatable levels by time:
  Lair:3: 2410 daAuts
  Lair:5: 2106 daAuts
   Orc:1: 1818 daAuts
     D:4: 1810 daAuts
    D:10: 1691 daAuts
   Orc:2: 1634 daAuts
  Lair:1: 1567 daAuts
     D:9: 1546 daAuts
  Lair:2: 1399 daAuts
    D:15: 1379 daAuts
     D:7: 1377 daAuts
    D:14: 1334 daAuts
  Bailey: 1238 daAuts
    D:11: 1221 daAuts
    D:13: 1149 daAuts
